AoeStats
← Retrosics

Socotra

506489406Analyzed
4v4 RM · 19d ago on Sep 13, 2026· 30m 28s· 8 players
Game mode
Random Map
Map size
148×148
Population
200
Speed
Normal
Resources
Standard
Victory
Conquest
Starting age
Dark Age
Ending age
Imperial Age
RankedLock teamsTeams togetherTeam positionsShared explorationLock speedFull tech treeHidden civsTurbo modeCheats
Victory
Defeat
🇬🇧 Teutons · United Kingdom
1057
+16
🇺🇸 Vikings · United States
1018
+18
🇬🇧 Koreans · United Kingdom
976
+19
🇩🇪 Goths · Germany
961
+20
🇷🇺 Slavs · Russia
1071
-19
🇫🇷 Khmer · France
1065
-19
🇨🇴 Chinese · Colombia
1046
-18
🇦🇷 Sicilians · Argentina
1027
-17
BittenDork
6:05 Loom
11:03 Feudal Age
11:31 Double-Bit Axe
17:01 Man-at-Arms
20:01 Castle Age
18:47 Horse Collar
19:55 Scale Mail Armor
20:06 Long Swordsman
21:53 Forging
24:26 Arson
25:41 Gambesons
26:27 Squires
27:31 Chain Mail Armor
29:29 Iron Casting
Retrosics
8:42 Loom
10:58 Feudal Age
12:44 Man-at-Arms
23:36 Fletching
26:38 Castle Age
25:03 Double-Bit Axe
27:54 Bodkin Arrow
Gangolf Eierschmalz
4:18 Loom
15:06 Feudal Age
16:49 Double-Bit Axe
21:06 Horse Collar
25:34 Castle Age
27:12 Bow Saw
Bassai Dai
6:10 Loom
9:05 Feudal Age
19:17 Castle Age
17:21 Gold Mining
19:31 Bloodlines
19:30 Double-Bit Axe
22:06 Scale Barding Armor
25:29 Forging
26:28 Chain Barding Armor
Cabo
0:33 Loom
10:02 Feudal Age
11:42 Wheelbarrow
10:53 Town Watch
10:56 Double-Bit Axe
11:10 Stone Mining
27:02 Castle Age
Fralex04
8:55 Loom
11:09 Feudal Age
14:27 Castle Age
12:34 Double-Bit Axe
13:00 Horse Collar
16:12 Wheelbarrow
22:00 Bow Saw
23:36 Gold Mining
24:48 Pikeman
27:52 Scale Mail Armor
29:28 Ballistics
29:57 Gold Shaft Mining
29:27 Fletching
29:37 Padded Archer Armor
29:48 Forging
29:45 Scale Barding Armor
29:44 Murder Holes
I_fireblade
10:42 Loom
12:37 Feudal Age
13:15 Horse Collar
13:21 Double-Bit Axe
13:40 Man-at-Arms
17:34 Town Watch
23:55 Castle Age
22:42 Forging
22:55 Scale Mail Armor
22:50 Gold Mining
24:55 Bow Saw
24:47 Heavy Plow
24:17 Pikeman
24:57 Squires
26:35 Wheelbarrow
26:31 Stone Mining
26:50 Fletching
812
0:49 Loom
14:05 Feudal Age
15:50 Horse Collar
16:13 Double-Bit Axe
19:40 Fletching
22:00 Scale Mail Armor
23:59 Town Watch
27:25 Castle Age
Connection lost

Rejoining the realm…

Still unreachable

The connection could not be restored.

Session expired

The server has moved on; the page needs a fresh start.